Map: Efflorescence LE

Players

qqq

  • Race: Protoss Protoss
  • League: Platinum
  • Spawn Location: 6:00

Massa

  • Race: Terran Terran
  • League: Platinum
  • Spawn Location: 9:00

rimerzerg - Winner!

  • Race: Zerg Zerg
  • League: Diamond
  • Spawn Location: 3:00

Muchacho - Winner!

  • Race: Zerg Zerg
  • League: Diamond
  • Spawn Location: 12:00

VOD

Have the link to the VOD?

Description

Time

  • Played on: Dec. 13, 2020, 9:30 a.m.
  • Length: 23:10
Show
View Real Time Build Order
Export as new Build Order

qqq Protoss 

Build Orders: Carriers 

Get SALT Encoding   

  12  0:00  Probe  
  13  0:12  Probe  
  14  0:20  Pylon  
  14  0:25  Probe  
  15  0:38  Probe  
  16  0:45  Forge  
  16  0:50  Probe  
  17  1:03  Pylon  
  17  1:12  Pylon  
  17  1:34  Photon Cannon  
  17  1:36  Photon Cannon  
  15  1:55  Pylon  
  15  2:27  Probe  
  16  2:39  Probe  
  16  2:40  Nexus  
  16  2:42  Photon Cannon  
  17  2:49  Gateway  
  17  2:51  Probe  
  17  2:54  Photon Cannon  
  17  2:56  Pylon  
  18  3:00  Assimilator  
  18  3:03  Probe  
  19  3:13  Assimilator  
  19  3:18  Probe (Chrono Boost)  
  20  3:28  Probe (Chrono Boost)  
  20  3:33  Probe (Chrono Boost)  
  21  3:40  Cybernetics Core  
  22  3:44  Probe (Chrono Boost)  
  25  3:56  Probe (Chrono Boost)  
  25  3:58  Probe (Chrono Boost)  
  25  4:01  Probe (Chrono Boost)  
  25  4:02  Pylon  
  25  4:04  Probe (Chrono Boost)  
  27  4:11  Probe  
  28  4:21  Stargate  
  27  4:33  Photon Cannon  
  27  4:36  Shield Battery, Stalker  
  29  4:46  Stargate  
  29  4:58  Photon Cannon  
  29  5:07  Void Ray  
  29  5:11  Stalker  
  35  5:15  Probe (Chrono Boost)  
  35  5:16  Probe (Chrono Boost)  
  37  5:25  Probe x2 (Chrono Boost)  
  39  5:30  Probe x2 (Chrono Boost)  
  39  5:31  Assimilator  
  41  5:36  Assimilator  
  41  5:41  Probe  
  41  5:42  Probe  
  43  5:44  Void Ray  
  43  5:54  Probe x2  
  49  6:14  Void Ray (Chrono Boost)  
  49  6:33  Void Ray (Chrono Boost)  
  34  7:27  Probe  
  34  7:28  Probe  
  29  7:32  Pylon  
  25  7:39  Probe  
  25  7:40  Probe  
  22  7:51  Probe  
  22  7:52  Probe  
  23  8:03  Probe  
  23  8:04  Probe  
  13  8:16  Probe x2 (Chrono Boost)  
  15  8:26  Probe x2 (Chrono Boost)  
  17  8:28  Pylon  
  17  8:30  Probe (Chrono Boost)  
  17  8:31  Probe (Chrono Boost), Pylon  
  19  8:42  Probe  
  19  8:43  Probe  
  19  8:44  Void Ray  
  19  8:45  Void Ray  
  21  8:54  Probe (Chrono Boost)  
  31  8:55  Probe (Chrono Boost)  
  31  9:06  Probe (Chrono Boost)  
  31  9:09  Probe (Chrono Boost)  
  33  9:16  Probe (Chrono Boost)  
  35  9:18  Probe (Chrono Boost)  
  35  9:22  Probe (Chrono Boost)  
  35  9:23  Probe (Chrono Boost)  
  36  9:30  Void Ray  
  37  9:32  Probe  
  37  9:33  Probe  
  43  9:44  Probe  
  44  9:45  Probe  
  45  9:55  Pylon  
  45  9:56  Probe  
  46  10:07  Void Ray  
  46  10:13  Probe x2  
  52  10:25  Probe x2  
  54  10:32  Pylon  
  54  10:40  Pylon  
  54  10:44  Void Ray  
  54  10:47  Pylon  
  54  10:50  Probe x2  
  59  11:02  Probe x2  
  61  11:11  Void Ray  
  65  11:21  Probe x2  
  67  11:27  Phoenix  
  69  11:33  Probe  
  69  11:35  Fleet Beacon  
  70  11:50  Pylon  
  70  11:55  Pylon  
  70  11:57  Nexus  
  70  12:08  Probe, Phoenix  
  71  12:09  Phoenix  
  75  12:20  Probe  
  76  12:26  Forge  
  76  12:28  Gateway  
  76  12:35  Phoenix x2  
  80  13:00  Phoenix  
  82  13:08  Carrier  
  88  13:14  Photon Cannon  
  88  13:17  Probe, Photon Cannon  
  89  13:20  Photon Cannon  
  89  13:23  Pylon  
  89  13:29  Probe  
  90  13:39  Carrier  
  96  13:41  Probe  
  97  13:50  Cybernetics Core  
  97  13:53  Probe  
  98  14:05  Probe  
  99  14:12  Tempest  
  92  14:18  Probe  
  85  14:30  Probe  
  78  14:43  Carrier  
  78  14:44  Probe  
  85  14:53  Photon Cannon  
  85  14:55  Phoenix  
  85  14:56  Probe  
  88  15:02  Stargate  
  88  15:08  Probe, Assimilator  
  88  15:12  Assimilator  
  89  15:15  Robotics Facility  
  89  15:20  Probe, Phoenix  
  92  15:32  Probe  
  93  15:39  Void Ray  
  93  15:42  Protoss Air Weapons Level 1  
  93  15:47  Tempest  
  102  15:50  Probe  
  103  16:02  Carrier  
  103  16:03  Pylon  
  109  16:06  Pylon  
  109  16:07  Pylon  
  109  16:09  Pylon  
  109  16:11  Pylon  
  109  16:20  Nexus  
  109  16:21  Probe, Observer  
  109  16:24  Photon Cannon  
  111  16:26  Photon Cannon  
  111  16:28  Photon Cannon  
  111  16:30  Photon Cannon  
  111  16:33  Probe, Shield Battery  
  111  16:35  Shield Battery  
  112  16:42  Observer, Mothership  
  112  16:45  Probe  
  122  16:57  Probe  
  122  17:01  Void Ray  
  123  17:02  Carrier  
  133  17:09  Probe  
  134  17:21  Probe  
  135  17:33  Probe  
  136  17:37  Carrier  
  137  18:09  Carrier x2  
  149  18:16  Probe x2  
  151  18:28  Probe x2, Photon Cannon  
  151  18:30  Photon Cannon  
  151  18:32  Photon Cannon  
  153  18:35  Photon Cannon  
  153  18:37  Shield Battery  
  153  18:38  Photon Cannon  
  153  18:40  Probe x2  
  153  18:41  Shield Battery  
  155  18:52  Probe  
  155  18:53  Probe  
  145  19:04  Probe  
  145  19:05  Probe  
  135  19:16  Void Ray x3  
  135  19:17  Probe x2  
  143  19:29  Probe x2, Assimilator  
  145  19:33  Assimilator  
  145  19:41  Probe x2  
  145  19:43  Nexus  
  145  19:44  Pylon  
  147  19:46  Pylon  
  147  19:48  Pylon  
  147  19:49  Shield Battery  
  147  19:52  Photon Cannon  
  147  19:53  Probe x2, Photon Cannon  
  149  20:05  Probe  
  136  20:29  Probe x2  
  138  20:41  Probe x2  
  128  20:43  Carrier x3  
  146  20:53  Probe x2  
  142  20:59  Photon Cannon  
  142  21:02  Photon Cannon  
  142  21:05  Photon Cannon  
  142  21:06  Photon Cannon  
  142  21:08  Shield Battery  
  142  21:11  Shield Battery  
  122  21:47  Carrier x2, Phoenix  
  122  21:53  Stargate  
  136  22:04  Nexus  
  136  22:06  Void Ray  
  136  22:07  Photon Cannon  
  136  22:11  Photon Cannon  
Show
View Real Time Build Order
Export as new Build Order

Massa Terran 

Build Orders: 2 Factory, Hellion Opening 

Get SALT Encoding   

  12  0:00  SCV  
  13  0:12  SCV  
  14  0:18  Supply Depot  
  14  0:24  SCV  
  15  0:39  SCV  
  15  0:41  Barracks  
  16  0:48  Refinery  
  16  0:51  SCV  
  17  1:03  SCV  
  18  1:07  Refinery  
  18  1:16  SCV  
  19  1:28  SCV, Supply Depot  
  19  1:30  Marine  
  21  1:40  SCV  
  21  1:45  Factory  
  22  2:02  Factory  
  22  2:10  Orbital Command  
  22  2:13  Barracks Tech Lab  
  22  2:38  SCV  
  22  2:40  Barracks Reactor  
  22  2:44  Infernal Pre-Igniter  
  23  2:45  Hellion  
  23  2:47  Hellion  
  27  3:00  Supply Depot  
  27  3:02  Supply Depot  
  27  3:05  Engineering Bay  
  27  3:07  Hellion  
  29  3:23  Hellion x2  
  33  3:28  Hellion  
  35  3:39  Supply Depot  
  35  3:45  Hellion, Supply Depot  
  37  3:51  Hellion  
  39  3:59  Hellion  
  41  4:07  Hellion  
  25  4:47  Barracks Tech Lab  
  25  4:48  Siege Tank  
  25  4:49  Widow Mine  
  25  4:50  Widow Mine  
  32  4:53  SCV  
  33  5:04  Command Center  
  33  5:05  SCV  
  36  5:07  Marauder  
  36  5:11  Widow Mine  
  36  5:23  Barracks  
  36  5:36  Marauder  
  36  5:37  Stimpack  
  34  5:52  Siege Tank  
  34  5:53  Widow Mine  
  39  5:58  Marauder  
  39  6:04  Missile Turret  
  41  6:13  SCV  
  41  6:16  Barracks  
  42  6:19  Marauder  
  35  6:36  Marine  
  31  6:40  Marauder  
  31  6:44  Widow Mine x2  
  34  6:52  Orbital Command, Barracks x2  
  34  6:54  Barracks  
  32  6:56  Widow Mine  
  32  7:05  Widow Mine  
  31  7:18  SCV x2  
  33  7:24  Marine  
  34  7:30  SCV  
  34  7:32  Marauder  
  37  7:42  Marine  
  34  7:46  Widow Mine x3  
  34  7:53  Marauder  
  36  8:00  Marine  
  36  8:02  Armory, Terran Infantry Weapons Level 1  
  37  8:07  Widow Mine x2, Marine  
  42  8:15  Marauder  
  42  8:17  Marine  
  42  8:18  Marine  
  46  8:20  SCV x2  
  46  8:24  Marine  
  49  8:36  Marine  
  50  8:45  SCV x2  
  50  8:48  Barracks Reactor, Barracks Tech Lab  
  52  8:50  Barracks Tech Lab  
  52  8:54  Marauder  
  54  8:57  SCV x2  
  51  9:09  SCV x2  
  53  9:15  Marauder  
  55  9:30  Marauder x2, Marine x3  
  62  9:45  Marauder  
  61  9:48  Marine x3  
  52  10:01  Marauder x2  
  52  10:02  SCV x2  
  52  10:05  Marine  
  52  10:06  Marauder, Marine  
  58  10:09  Siege Tank  
  58  10:11  Widow Mine  
  61  10:14  Refinery, SCV  
  61  10:15  Refinery  
  62  10:33  Command Center  
  62  10:37  Supply Depot  
  62  10:40  Supply Depot  
  62  10:42  Supply Depot  
  62  10:44  Combat Shield  
  62  10:46  Concussive Shells  
  62  10:58  SCV, Marauder x3, Marine  
  62  10:59  Supply Depot  
  62  11:02  SCV, Siege Tank  
  78  11:04  Widow Mine x2  
  78  11:06  Drilling Claws  
  78  11:10  SCV  
  79  11:14  SCV  
  80  11:19  Marine x3  
  80  11:20  Marauder  
  80  11:21  Marauder  
  80  11:22  SCV  
  88  11:26  SCV  
  88  11:27  Marauder  
  91  11:34  Starport, SCV  
  91  11:38  SCV  
  93  11:59  SCV x2  
  95  12:11  SCV x2  
  97  12:15  Barracks Tech Lab  
  97  12:17  Marauder x3  
  97  12:18  Marine x2  
  105  12:23  SCV x2, Terran Infantry Armor Level 1  
  105  12:24  Smart Servos  
  105  12:26  Engineering Bay  
  107  12:35  SCV  
  97  12:38  Marauder x3  
  103  12:53  Engineering Bay  
  103  12:54  Armory  
  103  12:59  Planetary Fortress  
  103  13:00  Missile Turret  
  103  13:03  Missile Turret  
  103  13:04  Missile Turret  
  103  13:05  Missile Turret  
  103  13:08  Marauder, Marine x2  
  103  13:12  SCV x2  
  109  13:19  Missile Turret  
  109  13:23  Missile Turret x2  
  109  13:26  Missile Turret  
  109  13:28  Missile Turret  
  109  13:29  Supply Depot  
  109  13:30  Supply Depot  
  109  13:32  Supply Depot  
  109  13:35  Supply Depot  
  109  13:40  Missile Turret  
  109  13:50  SCV x3, Medivac  
  109  13:51  Widow Mine  
  113  14:02  SCV x3  
  109  14:14  SCV x2  
  108  14:20  Medivac  
  110  14:25  SCV, Missile Turret  
  110  14:26  Missile Turret  
  110  14:27  SCV x2, Missile Turret  
  110  14:29  Refinery  
  113  14:45  Missile Turret  
  113  14:46  Marauder x3, Marine  
  113  14:47  Marauder, Marine  
  123  14:54  Command Center  
  123  14:58  Siege Tank  
  128  15:00  Widow Mine  
  128  15:04  Marine  
  128  15:05  Marine  
  130  15:07  Marine x3  
  130  15:08  Marine  
  134  15:20  Refinery  
  134  15:22  Marine  
  134  15:23  Marine  
  134  15:25  Marine x4  
  138  15:38  Starport Reactor  
  138  15:40  Marine x2  
  140  15:43  Marine  
  141  16:03  Supply Depot  
  141  16:04  Terran Infantry Weapons Level 2, Supply Depot  
  141  16:05  Marine x3, Supply Depot  
  141  16:06  Marauder x3, Supply Depot  
  150  16:23  Marine x2  
  150  16:24  Marauder  
  154  16:26  SCV x3  
  154  16:27  Marauder x2, Supply Depot  
  154  16:29  Supply Depot  
  154  16:30  Missile Turret, Supply Depot  
  154  16:31  Supply Depot  
  161  16:36  Medivac  
  163  16:40  Medivac  
  165  16:50  Marauder x2, Marine  
  165  16:51  Marine, Missile Turret  
  165  16:52  Marine  
  172  16:55  Widow Mine  
  172  16:58  Widow Mine  
  176  17:02  Planetary Fortress  
  176  17:08  Sensor Tower  
  176  17:12  Missile Turret  
  176  17:13  SCV x3  
  179  17:25  SCV x2  
  179  17:26  Thor  
  179  17:27  Widow Mine x2  
  139  17:56  Marauder x4, Marine x2  
  90  18:00  Widow Mine  
  95  18:14  Marine x2  
  95  18:16  Marine  
  95  18:17  Marine x2  
  100  18:31  Command Center  
  100  18:32  Marine x2  
  96  18:34  Marine  
  96  18:35  Marine x2  
  99  18:49  Marine  
  99  18:50  Marine  
  99  18:53  Engineering Bay, Marauder x2, Marine  
  106  18:56  Factory  
  106  18:59  Factory  
  106  19:05  Command Center  
  106  19:07  Marine  
  104  19:52  Sensor Tower  
  100  20:30  Marauder x3, Marine  
  100  20:31  Marine  
  110  20:36  Widow Mine  
  95  20:48  Marine x2  
  97  20:51  Marauder x2  
  97  20:52  Marauder  
  103  21:06  Marine x2  
  102  21:12  Marauder  
  102  21:13  Marauder x2  
  102  21:15  Starport  
  102  21:17  Starport  
  108  21:20  Sensor Tower  
  108  21:34  Marauder x3  
  91  21:47  Planetary Fortress  
  78  21:50  Marine x2  
  67  21:55  Marauder  
  67  21:56  Marauder x2  
  73  22:03  Sensor Tower  
  73  22:08  Marine x2  
  74  22:11  Siege Tank  
  78  22:16  Marauder  
  78  22:17  Marauder, Marine  
  78  22:19  Sensor Tower  
  83  22:25  Marine  
  83  22:26  Marine  
  85  22:35  Medivac x2  
Show
View Real Time Build Order
Export as new Build Order

rimerzerg Zerg - Winner!

Build Orders: Hatch First, Lurkers 

Get SALT Encoding   

  12  0:00  Drone  
  13  0:12  Overlord  
  13  0:18  Drone  
  14  0:31  Drone x2  
  16  0:51  Hatchery  
  16  0:53  Drone  
  17  0:57  Drone  
  17  1:01  Drone  
  18  1:12  Extractor  
  18  1:16  Spawning Pool  
  16  1:22  Drone  
  16  1:24  Drone  
  18  1:32  Drone  
  19  1:52  Overlord  
  19  1:54  Drone  
  20  2:10  Spine Crawler  
  20  2:11  Spine Crawler, Queen  
  20  2:15  Spine Crawler  
  20  2:22  Queen  
  21  2:34  Zergling x6  
  24  3:10  Roach Warren  
  24  3:11  Drone x2  
  25  3:14  Drone x4  
  29  3:24  Drone  
  30  3:31  Drone x4  
  34  3:37  Drone x2  
  34  3:38  Overlord  
  36  3:42  Overlord  
  36  4:04  Roach x6  
  48  4:11  Roach  
  48  4:12  Roach  
  51  4:49  Zergling x2  
  51  4:50  Overlord  
  51  4:51  Overlord x2  
  52  4:54  Lair  
  52  5:13  Ravager x2  
  54  5:29  Drone x3  
  54  5:31  Extractor  
  54  5:33  Extractor  
  54  5:34  Drone  
  42  6:44  Roach  
  42  6:45  Zergling x2, Roach x10  
  42  6:46  Zergling x6  
  51  8:16  Roach x6  
  60  8:22  Spore Crawler  
  60  8:26  Extractor, Spore Crawler  
  47  8:28  Drone x2  
  49  8:38  Spore Crawler  
  49  8:40  Hatchery  
  45  8:43  Queen  
  45  8:44  Queen  
  47  8:52  Overseer  
  45  8:57  Hatchery  
  38  9:08  Roach x7  
  38  9:09  Zergling x6, Roach  
  53  9:15  Zergling x2  
  54  9:30  Metabolic Boost  
  54  9:31  Glial Reconstitution  
  41  9:58  Roach x4  
  43  10:21  Drone x6  
  46  10:22  Drone  
  46  10:23  Ravager x2  
  46  10:24  Ravager  
  46  10:25  Ravager  
  46  10:26  Zergling x20  
  64  10:28  Queen  
  64  10:31  Drone x6  
  72  10:40  Hydralisk Den  
  71  11:08  Drone x3  
  71  11:10  Queen  
  76  11:12  Hydralisk, Muscular Augments  
  76  11:13  Hydralisk  
  76  11:14  Overlord  
  76  11:15  Overlord x4  
  80  11:23  Spore Crawler  
  80  11:24  Spore Crawler  
  78  11:27  Spore Crawler  
  77  11:41  Hydralisk x7  
  77  11:42  Hydralisk x5  
  77  11:47  Drone x5  
  102  11:52  Queen  
  107  11:59  Drone  
  107  12:01  Lurker Den  
  107  12:02  Evolution Chamber  
  104  12:31  Extractor x2, Drone x8  
  104  12:32  Drone  
  111  12:44  Overlord x3  
  111  12:45  Overlord x4  
  111  12:52  Evolution Chamber  
  110  13:04  Grooved Spines  
  110  13:07  Lurker x3  
  110  13:08  Lurker  
  110  13:09  Lurker  
  110  13:10  Lurker  
  116  13:20  Drone x7  
  116  13:23  Drone x5  
  116  13:24  Drone x2  
  130  13:29  Drone  
  130  13:32  Zerg Missile Weapons Level 1, Infestation Pit  
  130  13:36  Zerg Ground Armor Level 1  
  130  13:50  Hydralisk x4  
  113  14:38  Hydralisk x7  
  106  14:39  Hydralisk x12  
  106  14:44  Hive  
  132  15:04  Lurker x4  
  132  15:06  Lurker x2  
  132  15:07  Hydralisk x2  
  142  15:15  Hatchery  
  131  15:48  Hydralisk x4  
  131  15:49  Hydralisk  
  141  15:56  Adrenal Glands  
  141  15:57  Viper  
  141  15:59  Viper  
  147  16:23  Hydralisk x2  
  147  16:24  Hydralisk x4  
  159  16:25  Overlord x2  
  159  16:26  Overlord x5  
  159  16:34  Extractor  
  159  16:36  Extractor  
  157  16:46  Overseer  
  157  16:47  Pneumatized Carapace  
  157  16:49  Overseer  
  157  17:00  Drone x2  
  159  17:03  Spore Crawler  
  159  17:04  Drone  
  159  17:05  Drone x7, Spine Crawler  
  160  17:39  Lurker x4  
  160  17:43  Hydralisk x5  
  160  17:44  Hydralisk x6  
  134  18:14  Hydralisk x8  
  134  18:15  Hydralisk x7  
  139  18:34  Drone, Spore Crawler  
  139  18:35  Drone x2  
  139  18:36  Spore Crawler  
  140  18:43  Lurker x3  
  143  20:06  Hydralisk  
  142  20:07  Hydralisk x20  
  142  20:11  Hydralisk  
  153  20:53  Hydralisk x3  
  153  20:54  Hydralisk x15  
  153  20:57  Lurker x3  
  185  21:03  Drone x4  
  189  21:07  Adaptive Talons  
  137  21:49  Hydralisk x2  
  137  21:50  Hydralisk x2  
  137  21:51  Viper x2  
  151  22:01  Spore Crawler  
  150  22:04  Seismic Spines, Spore Crawler  
  149  22:09  Hatchery  
  148  22:21  Lurker x2  
  150  23:02  Lurker  
  150  23:04  Lurker  
Show
View Real Time Build Order
Export as new Build Order

Muchacho Zerg - Winner!

Build Orders: Hatch First 

Get SALT Encoding   

  12  0:01  Drone  
  13  0:08  Drone  
  14  0:18  Overlord  
  14  0:28  Extractor  
  14  0:29  Drone  
  15  0:37  Drone x2  
  17  0:56  Hatchery  
  16  1:00  Drone  
  17  1:31  Drone x2  
  17  1:32  Drone  
  20  1:34  Spawning Pool  
  20  1:35  Extractor  
  18  1:50  Drone  
  19  1:56  Drone  
  20  2:11  Overlord  
  20  2:12  Overlord  
  20  2:17  Drone  
  20  2:22  Queen  
  23  2:36  Drone  
  24  2:38  Queen  
  24  2:40  Drone  
  24  2:41  Drone  
  28  2:49  Roach Warren  
  27  3:00  Drone x4  
  31  3:08  Extractor  
  30  3:18  Spore Crawler  
  29  3:24  Overlord  
  29  3:34  Roach  
  29  3:35  Roach x5  
  29  3:39  Roach  
  43  3:48  Overlord  
  43  4:00  Overlord  
  43  4:01  Drone x4  
  47  4:15  Overlord  
  47  4:24  Drone  
  47  4:25  Drone  
  47  4:31  Roach x2  
  49  4:51  Roach x5  
  49  4:52  Queen  
  61  4:58  Ravager x4  
  65  5:17  Roach x4  
  65  5:19  Queen  
  65  5:21  Overlord  
  72  5:46  Ravager x2  
  74  5:55  Drone  
  74  5:56  Drone x2  
  73  6:27  Drone  
  73  6:28  Drone x5  
  77  6:33  Ravager  
  76  6:45  Drone x2  
  75  6:48  Ravager  
  75  6:49  Ravager x2  
  78  6:57  Extractor  
  77  7:02  Overlord x3  
  69  7:16  Hatchery  
  52  7:40  Drone x5  
  47  7:54  Lair  
  47  7:56  Extractor  
  44  8:05  Drone x4  
  47  8:06  Drone x2, Queen  
  52  8:15  Hatchery  
  52  8:17  Hatchery  
  50  8:28  Queen  
  50  8:29  Overlord  
  50  8:30  Overlord x6  
  50  8:32  Drone x2  
  54  8:41  Queen  
  54  8:45  Spore Crawler  
  55  8:49  Spore Crawler  
  55  8:53  Drone x2  
  55  8:54  Drone x3  
  59  8:59  Queen, Spire  
  60  9:03  Queen, Spore Crawler  
  62  9:10  Zergling x6  
  62  9:17  Queen  
  63  9:34  Spine Crawler, Queen  
  62  9:39  Spine Crawler, Queen, Spore Crawler x2  
  61  9:48  Spire  
  61  9:50  Glial Reconstitution  
  61  9:54  Evolution Chamber  
  58  10:03  Drone x2  
  58  10:04  Drone x6  
  66  10:15  Queen  
  68  10:28  Queen  
  68  10:31  Zerg Flyer Weapons Level 1  
  68  10:32  Zerg Missile Weapons Level 1  
  70  10:37  Mutalisk x2  
  70  10:38  Mutalisk x5  
  70  10:40  Mutalisk  
  86  10:52  Extractor  
  86  10:56  Extractor  
  84  11:04  Mutalisk x2  
  84  11:06  Drone x6  
  84  11:07  Drone x2  
  96  11:15  Mutalisk x3  
  102  11:21  Drone x2  
  102  11:22  Drone x2  
  106  11:31  Extractor  
  106  11:32  Hatchery  
  104  11:39  Mutalisk x3  
  104  11:45  Metabolic Boost  
  110  11:56  Drone  
  110  11:57  Drone x5  
  110  11:58  Drone  
  110  12:00  Drone  
  110  12:01  Drone  
  119  12:02  Drone  
  120  12:17  Overlord x4  
  120  12:18  Drone  
  120  12:19  Drone x3  
  120  12:20  Drone  
  125  12:23  Overseer  
  125  12:26  Zerg Ground Armor Level 1  
  125  12:40  Mutalisk  
  125  12:41  Mutalisk x3  
  129  12:57  Overseer  
  129  12:58  Overlord x2  
  127  13:00  Zerg Flyer Weapons Level 2  
  127  13:08  Spore Crawler  
  127  13:10  Spore Crawler  
  127  13:11  Spine Crawler  
  127  13:12  Drone x3, Spine Crawler  
  127  13:13  Drone x12, Spore Crawler  
  137  13:27  Pneumatized Carapace  
  137  13:32  Drone  
  137  13:33  Drone x8  
  137  13:34  Drone x6  
  152  13:45  Zergling x8  
  156  13:50  Hatchery  
  156  13:51  Extractor  
  156  13:54  Extractor  
  145  14:16  Corruptor x5  
  133  14:26  Zergling x2  
  133  14:27  Zergling x16  
  133  14:28  Zergling x18  
  147  14:31  Zerg Melee Weapons Level 1  
  147  14:32  Evolution Chamber  
  147  14:35  Infestation Pit  
  145  14:49  Extractor  
  144  15:06  Baneling Nest  
  143  15:11  Corruptor x5  
  143  15:12  Corruptor x4  
  161  15:16  Zerg Flyer Armor Level 1  
  161  15:25  Spore Crawler  
  161  15:28  Spine Crawler, Spore Crawler  
  159  15:29  Spine Crawler  
  159  15:30  Spore Crawler  
  156  15:41  Hive  
  156  15:42  Corruptor x2  
  156  15:43  Zergling x2  
  156  15:44  Zergling x16  
  156  15:45  Zergling x24  
  156  15:46  Zergling x20  
  191  16:13  Centrifical Hooks  
  191  16:15  Zerg Ground Armor Level 2  
  191  16:20  Baneling x3  
  191  16:21  Baneling x12  
  191  16:22  Baneling x11  
  191  16:23  Baneling x12  
  191  16:24  Baneling x6  
  191  16:25  Baneling x2  
  191  16:26  Baneling x2  
  191  16:29  Zerg Melee Weapons Level 2  
  191  16:32  Extractor  
  190  16:34  Hatchery  
  190  16:36  Extractor  
  188  16:51  Corruptor  
  188  16:52  Corruptor x5  
  200  16:54  Baneling  
  200  16:55  Baneling x8  
  200  16:56  Baneling x10  
  200  16:57  Baneling  
  200  16:58  Baneling  
  200  17:04  Adrenal Glands  
  160  17:55  Zergling x2  
  160  17:56  Zergling x20  
  160  17:57  Zergling x22  
  160  17:58  Zergling x26  
  174  17:59  Zergling x8  
  182  18:18  Zergling x16  
  182  18:19  Zergling x16  
  198  18:20  Zergling x4  
  200  18:37  Baneling  
  200  18:38  Baneling x8  
  200  18:39  Baneling x11  
  200  18:40  Baneling x12  
  200  18:41  Baneling x8  
  200  18:52  Zerg Melee Weapons Level 3  
  200  18:53  Zerg Ground Armor Level 3  
  200  18:54  Zerg Flyer Weapons Level 3  
  200  18:56  Hatchery  
  175  19:27  Baneling  
  175  19:28  Baneling x6, Corruptor x2  
  175  19:29  Corruptor x9  
  197  19:37  Hatchery  
  184  19:50  Drone x3  
  184  19:51  Drone x12  
  184  19:52  Drone  
  200  19:55  Extractor  
  199  20:07  Ultralisk Cavern  
  195  20:14  Zergling x2, Corruptor x2  
  184  20:34  Corruptor  
  184  20:35  Corruptor x8  
  179  20:37  Baneling x3  
  179  20:38  Baneling x3  
  187  21:10  Overseer  
  185  21:22  Baneling x3  
  185  21:23  Baneling x2  
  185  21:24  Chitinous Plating  
  162  21:53  Zergling x12  
  162  21:54  Zergling x24  
  170  21:55  Zergling x22  
  170  21:56  Zergling x14  
  170  21:59  Overlord  
  170  22:00  Overlord x3  
  196  22:35  Zergling x2  
  189  22:50  Zergling x2  
  189  22:51  Zergling x16  
  189  22:52  Zergling x12  
Tags
 
Add a new tag
Caveats
  • Supply blocks, unpowered buildings, or Contaminate may cause inaccurate times.
  • Supply counts are checked every 10 seconds.